 Dungeon Crawl Stone Soup version 0.27-a0-1384-g1422d76b99 (webtiles) character file.

Game seed: 128478138302337955

384 Tocho the Slasher (level 7, 0/53 HPs)
             Began as a Human Fighter on June 30, 2021.
             Was an Initiate of Okawaru.
             Slain by a centaur skeleton (1 damage)
             ... on level 6 of the Dungeon.
             The game lasted 00:06:55 (4661 turns).

Tocho the Slasher (Human Fighter)                   Turns: 4661, Time: 00:06:55

Health: 0/53       AC: 13    Str: 18    XL:     7   Next: 6%
Magic:  7/7        EV:  3    Int:  9    God:    Okawaru [......]
Gold:   173        SH:  9    Dex: 12    Spells: 6/6 levels left

rFire    . . .     SeeInvis .   a - +0 long sword
rCold    . . .     Faith    .   c - +0 kite shield
rNeg     . . .     Spirit   .   l - +0 plate armour
rPois    .         Reflect  .   (no helmet)
rElec    .         Harm     .   (no cloak)
rCorr    .         Rampage  .   (no gloves)
Will     .....                  p - +0 pair of boots
Stlth    ..........             (no amulet)
HPRegen  0.17/turn              (no ring)
MPRegen  0.10/turn              (no ring)

@: mighty
A: no striking features
a: Renounce Religion


You were on level 6 of the Dungeon.
You worshipped Okawaru.
Okawaru was noncommittal.
You visited 2 branches of the dungeon, and saw 7 of its levels.

You collected 173 gold pieces.

Inventory:

Hand Weapons
 a - a +0 long sword (weapon)
Missiles
 e - 30 poisoned darts (quivered)
Armour
 c - a +0 kite shield (worn)
 j - a +0 chain mail
 l - a +0 plate armour (worn)
 p - a +0 pair of boots (worn)
Scrolls
 b - 2 scrolls of amnesia {unknown}
 f - a scroll of teleportation {unknown}
 g - a scroll of enchant armour {unknown}
 h - 3 scrolls of identify {unknown}
 m - a scroll of immolation {unknown}
 n - a scroll of vulnerability {unknown}
 o - a scroll of noise {unknown}
Potions
 i - a potion of haste {unknown}
 k - a potion of mutation {unknown}


   Skills:
 * Level 3.9 Fighting
 * Level 4.4 Long Blades
 + Level 0.7 Throwing
 * Level 4.4 Armour
 + Level 0.2 Dodging
 + Level 0.1 Stealth
 * Level 4.2 Shields


You had 6 spell levels left.
You didn't know any spells.
Your spell library was empty.

Dungeon Overview and Level Annotations

Branches:
Dungeon (6/15)             Temple (1/1) D:4

Altars:
Ashenzari
Elyvilon
Fedhas
Gozag
Hepliaklqana
Kikubaaqudgha
Makhleb
Nemelex Xobeh
Okawaru
Qazlal
Sif Muna
Trog
Uskayaw
Vehumet
Wu Jian
Xom
Yredelemnul
Zin
The Shining One


Message History

The gnoll barely misses you.
You riposte.
You hit the gnoll.
The gnoll is moderately wounded.
You block the gnoll sergeant's attack.
The centaur skeleton hits you but does no damage.
The centaur skeleton kicks you but does no damage.
The gnoll hits you but does no damage.
You hit the centaur skeleton.
The centaur skeleton is heavily damaged.
The gnoll sergeant hits you from afar with a +1 trident of protection!
The centaur skeleton hits you.
The centaur skeleton kicks you but does no damage.
You block the gnoll's attack. You block the gnoll sergeant's attack.
You block the centaur skeleton's attack.
The centaur skeleton barely misses you.
You hit the centaur skeleton.
The centaur skeleton is heavily damaged.
The gnoll barely misses you.
You riposte.
You hit the gnoll.
The gnoll is severely wounded.
You block the centaur skeleton's attack.
The centaur skeleton kicks you. You block the gnoll sergeant's attack.
The gnoll hits you with a +0 whip.
You feel very mighty all of a sudden.
The centaur skeleton hits you but does no damage.
You block the centaur skeleton's attack.
The gnoll sergeant hits you from afar with a +1 trident of protection.
* * * LOW HITPOINT WARNING * * *
The centaur skeleton hits you but does no damage.
You block the centaur skeleton's attack.
You block the gnoll's attack.
You slash the centaur skeleton!
The centaur skeleton is almost destroyed.
The gnoll sergeant hits you from afar with a +1 trident of protection!
* * * LOW HITPOINT WARNING * * *
You block the centaur skeleton's attack.
The centaur skeleton kicks you but does no damage.
The gnoll hits you with a +0 whip.
* * * LOW HITPOINT WARNING * * *
The gnoll sergeant hits you but does no damage.
The centaur skeleton hits you.
You die...

#.#######
#....Z@.#
#######g# #
#g#.# ###g..#
###.....#
#######g..##..#
.......g### .##
.###.........#
.....#########


You could see a gnoll sergeant, 2 gnolls and a centaur skeleton.

Vanquished Creatures
  A necrophage (D:4)
  An ogre (D:5)
  A bullfrog skeleton (D:4)
  Natasha (thrice) (D:2)
  A howler monkey skeleton (D:4)
  2 adders
  An ufetubus (D:4)
  A worm (D:3)
  4 dart slugs
  An orc (D:3)
  5 endoplasms
  5 giant cockroaches
  9 goblins
  6 hobgoblins
  2 jackals (D:3)
  2 quokkas
  12 ball pythons
  6 bats
  8 kobolds
  4 rats
75 creatures vanquished.

Notes
Turn   | Place    | Note
-------+----------+-------------------------------------------
     0 | D:1      | Tocho the Human Fighter began the quest for the Orb.
     0 | D:1      | Reached XP level 1. HP: 18/18 MP: 1/1
   354 | D:1      | Reached XP level 2. HP: 24/24 MP: 2/2
  1020 | D:1      | Reached XP level 3. HP: 22/29 MP: 3/3
  1241 | D:2      | Found a hazy altar of Hepliaklqana.
  1878 | D:2      | Found a faded altar of an unknown god.
  2071 | D:2      | Noticed Natasha
  2082 | D:2      | Killed Natasha
  2083 | D:2      | Reached XP level 4. HP: 5/35 MP: 4/4
  2725 | D:2      | Noticed Natasha
  2734 | D:2      | Killed Natasha
  2819 | D:2      | Noticed Natasha
  2828 | D:2      | Killed Natasha
  2829 | D:2      | Reached XP level 5. HP: 38/41 MP: 5/5
  3626 | D:4      | Noticed a necrophage
  3644 | D:4      | Killed a necrophage
  3645 | D:4      | Reached XP level 6. HP: 23/48 MP: 6/6
  3659 | D:4      | Found a staircase to the Ecumenical Temple.
  3746 | Temple   | Entered the Ecumenical Temple
  4092 | Temple   | Became a worshipper of Warmaster Okawaru
  4241 | D:4      | Found a shimmering altar of Xom.
  4542 | D:4      | You fall into a shaft and drop 1 floor!
  4542 | D:5      | Entered Level 5 of the Dungeon
  4542 | D:5      | Noticed an ogre
  4551 | D:5      | Killed an ogre
  4552 | D:5      | Reached XP level 7. HP: 18/53 MP: 7/7
  4661 | D:6      | HP: 1/53 [gnoll (2)]
  4661 | D:6      | Slain by a centaur skeleton

Illustrated notes

Levels and vault maps discovered:
D:1:      mrwooster_arrival_statue_3, layout_basic
D:2:      layout_loops_ring, shapermc_ecumenical_altar_mp_highgroup,
          basic_altar, uniq_natasha
D:3:      layout_basic, kennysheep_generic_room_11
D:4:      layout_basic, brannock_xom_greatest_gift, minmay_temple_entry_waves,
          lightli_ossuary_entry_decrepit_ruins
D:5:      layout_basic, serial_shops, nicolae_shop_waterfront
D:6:      layout_rooms, uniq_eustachio
Temple:   minmay_crystal_snake_temple

Skill      XL: |  1  2  3  4  5  6 |
---------------+-------------------+-----
Long Blades    | 3 4 |  4.4
Armour         | 4 |  4.4
Shields        | 4 |  4.2
Fighting       | |  3.9
Throwing       | |  0.7
Dodging        | |  0.2
Stealth        | |  0.1

Action                   |  1- 3 |  4- 6 |  7- 9 || total
-------------------------+-------+-------+-------++-------
Melee: Long sword        |   104 |   130 |     6 ||   240
Throw: Dart              |    12 |    17 |       ||    29
  Use: Potion            |       |       |     1 ||     1
Armor: Scale mail        |    64 |       |       ||    64
       Chain mail        |    15 |     9 |       ||    24
       Plate armour      |       |    71 |    13 ||    84
Dodge: Dodged            |    43 |    25 |     4 ||    72
Block: Kite shield       |    77 |    72 |    14 ||   163
       Rpst.: Long sword |    17 |     9 |     2 ||    28

Table legend: (Time is in decaauts)
 A = Elapsed time spent in this place.
 B = Non-inter-level travel time spent in this place.
 C = Inter-level travel time spent in this place.
 D = Time resting spent in this place.
 E = Time spent auto-exploring this place.
 F = Levels seen in this place.
 G = Mean time per level.
                   A        B        C        D        E       F      G
               +--------+--------+--------+--------+--------+-----+--------+
         Total |   4815 |   4338 |    477 |    552 |   3041 |   7 |  687.9 |
       Dungeon |   4349 |   4000 |    349 |    552 |   2707 |   6 |  724.8 |
        Temple |    465 |    337 |    128 |      0 |    334 |   1 |  465.0 |
               +--------+--------+--------+--------+--------+-----+--------+

Top non-repeatable levels by time:
     D:2: 1747 daAuts
     D:1: 1238 daAuts
     D:3: 756 daAuts
     D:4: 484 daAuts
  Temple: 465 daAuts
     D:5: 107 daAuts
     D:6: 15 daAuts
